 Dungeon Crawl Stone Soup version 0.13-a0-2910-g7a74111 (webtiles) character file.

894 Duskembrace the Covert (level 7, -1/32 HPs)
             Began as a Spriggan Enchanter on Sept 1, 2013.
             Was a Follower of Ashenzari.
             Slain by a wyvern (11 damage)
             ... on Level 5 of the Dungeon.
             The game lasted 00:29:34 (6519 turns).

Duskembrace the Covert (Spriggan Enchanter)         Turns: 6519, Time: 00:29:34

HP  -1/32        AC  4     Str 10      XL: 7   Next: 29%
MP   9/22        EV 20     Int 18      God: Ashenzari [*.....]
Gold 239         SH  0     Dex 17      Spells:  3 memorised, 10 levels left

Res.Fire  : . . .   See Invis. : +   z - -1,+1 orc dagger
Res.Cold  : . . .   Warding    : +   b - +1 robe
Life Prot.: + . .   Conserve   : .   (shield restricted)
Res.Poison: .       Res.Corr.  : .   (helmet restricted)
Res.Elec. : .       Clarity    : .   g - +0 cloak (curse)
Sust.Abil.: . .     Spirit.Shd : .   (gloves unavailable)
Res.Mut.  : .       Stasis     : .   (boots unavailable)
Res.Rott. : .       Flight     : .   l - cursed amulet of warding
Saprovore : . . .                    (no ring)
                                     D - cursed +6 ring of strength

@: very quick, somewhat resistant to hostile enchantments, very stealthy
A: unfitting armour, see invisible, herbivore 3, speed 3, slow metabolism 2
a: Renounce Religion


You were on level 5 of the Dungeon.
You worshipped Ashenzari.
Ashenzari was pleased with you.
You were full.

You visited 1 branch of the dungeon, and saw 5 of its levels.
You also visited: Sewer.

You collected 219 gold pieces.

Inventory:

Hand weapons
 a - a +1,-3 dagger {=f}
 i - a +3,+3 dwarven vampiric dagger
 z - a -1,+1 orcish dagger (weapon)
Missiles
 d - 12 darts (quivered)
 w - 14 poisoned needles
Armour
 b - a +1 robe (worn)
 g - a cursed +0 cloak (worn)
 G - the +4 robe of the Empire {rElec rPois Int+2}
   (You found it on level 5 of the Dungeon)

   It affects your intelligence (+2).
   It insulates you from electricity.
   It protects you from poison.
Comestibles
 o - an apple
 q - an apricot
 F - a rambutan
 I - a bread ration
Scrolls
 e - a scroll of enchant weapon II {unknown}
 f - a scroll of recharging {unknown}
 k - a scroll of blinking {unknown}
 m - 2 scrolls of amnesia
 p - 2 scrolls of fog {unknown}
 s - 3 scrolls of teleportation
 v - a scroll of fear {unknown}
 x - a scroll of noise {unknown}
 E - a scroll of random uselessness {unknown}
Jewellery
 l - a cursed amulet of warding (around neck)
 A - an uncursed amulet of stasis
 D - a cursed +6 ring of strength (left hand)
Potions
 h - 10 potions of curing {unknown}
 j - 3 potions of heal wounds {unknown}
 n - a potion of degeneration {unknown}
 r - a potion of brilliance {unknown}
 t - a potion of restore abilities {unknown}
 u - a potion of paralysis {unknown}
 B - a potion of cure mutation {unknown}
 C - a potion of poison {unknown}
 H - a potion of mutation {unknown}
 J - a potion of berserk rage {unknown}
 K - a potion of speed {unknown}
Books
 c - a book of Maledictions

   Spells                             Type                      Level
   *Corona                            Hexes                        1
   Sure Blade                         Hexes/Charms                 2
   *Ensorcelled Hibernation           Hexes/Ice                    2
   *Confuse                           Hexes                        3
   Enslavement                        Hexes                        4
   Invisibility                       Hexes                        6


   Skills:
 - Level 1.1 Short Blades
 - Level 1.1 Throwing
 + Level 4.5 Dodging
 + Level 8.0 Stealth
 + Level 5.4 Spellcasting
 + Level 5.7 Hexes


You had 10 spell levels left.
You knew the following spells:

 Your Spells              Type           Power        Failure   Level  Hunger
a - Corona                Hex            ####...      1%          1    None
b - Ensorcelled Hibernat  Hex/Ice        ###...       8%          2    None
c - Confuse               Hex            ####....     3%          3    ###....


Dungeon Overview and Level Annotations

Branches:
Dungeon (5/27)
 Temple: D:4-7

Altars:
Ashenzari
Fedhas

Shops:
D:4 }


Innate Abilities, Weirdness & Mutations

You are tiny and cannot use many weapons and most armour.
You have supernaturally acute eyesight.
You are a herbivore.
You cover ground extremely quickly.
You need consume almost no food.


Message History

Aim: a wyvern (heavily wounded, bewildered and confused)
The wyvern easily resists.
The wyvern closely misses you.
You hit the wyvern but do no damage.
The wyvern is heavily wounded.
You hit the wyvern but do no damage.
The wyvern is heavily wounded.
You barely miss the wyvern.
The wyvern is heavily wounded.
The wyvern seems less confused.
The wyvern barely misses you.
Casting: Ensorcelled Hibernation
Confirm with . or Enter, or press ? or * to list all spells.
Aiming: Ensorcelled Hibernation
Press: ? - help, Shift-Dir - straight line, f/p - wyvern
Aim: a wyvern (heavily wounded)
The wyvern resists.
The wyvern completely misses you. The wyvern bites you. The wyvern bites you!
Ouch! That really hurt!
The wyvern bites you!
You die...

# #....... ...... # #......
......# # #.....# #.....# #
#.....# #.....# # #.....#
#.....# #########.....#
#.....###
..<...........########.........
.................D.............
................@..........s...
##############################


You could see a wyvern.

Vanquished Creatures
  A giant frog (Sewer)
  5 jellies
  2 orc priests (D:4)
  An iguana (D:4)
  Ijyb (D:3)
  2 green rats (D:4)
  5 adders
  11 giant mites
  3 worms
  2 adder skeletons (D:4)
  10 giant geckos
  An ooze (D:5)
  10 orcs
  7 bats
  15 goblins
  8 hobgoblins
  14 jackals
  6 kobolds
  A quokka (D:2)
  16 ball pythons
  11 giant cockroaches
  A giant cockroach zombie (D:5)
  A giant gecko skeleton (D:5)
  11 giant newts
  10 rats
155 creatures vanquished.

Notes
Turn   | Place    | Note
--------------------------------------------------------------
     0 | D:1      | Duskembrace, the Spriggan Enchanter, began the quest for the Orb.
     0 | D:1      | Reached XP level 1. HP: 9/9 MP: 4/4
   154 | D:1      | Reached XP level 2. HP: 13/13 MP: 4/6
   158 | D:1      | Learned a level 2 spell: Ensorcelled Hibernation
   365 | D:1      | Reached skill level 4 in Hexes
   805 | D:1      | Reached XP level 3. HP: 16/16 MP: 4/9
  1909 | D:2      | Reached XP level 4. HP: 17/21 MP: 7/12
  1953 | D:2      | Learned a level 3 spell: Confuse
  2350 | D:3      | Noticed Ijyb
  2364 | D:3      | Killed Ijyb
  2434 | D:3      | Reached skill level 5 in Stealth
  2596 | D:3      | Found a shattered altar of Ashenzari.
  2605 | D:3      | Became a worshipper of Ashenzari the Shackled
  3032 | D:4      | Reached XP level 5. HP: 24/24 MP: 13/16
  3156 | D:4      | Found Irunydor's Gadget Emporium.
  3189 | D:4      | Found a blossoming altar of Fedhas.
  3722 | D:4      | Found a glowing drain.
  3761 | D:4      | Reached skill level 6 in Stealth
  3945 | Sewer    | Entered a sewer
  4571 | Sewer    | Reached XP level 6. HP: 28/28 MP: 12/19
  4748 | Sewer    | Reached skill level 5 in Hexes
  5226 | Sewer    | Reached skill level 7 in Stealth
  5355 | Sewer    | Reached skill level 5 in Spellcasting
  5355 | Sewer    | Reached XP level 7. HP: 22/32 MP: 7/21
  5961 | D:5      | Entered Level 5 of the Dungeon
  5974 | D:5      | Got the uncursed robe of the Empire {rElec rPois Int+2}
  6127 | D:5      | Identified the +4 robe of the Empire {rElec rPois Int+2} (You found it on level 5 of the Dungeon)
  6316 | D:5      | Reached skill level 8 in Stealth
  6490 | D:5      | Noticed a wyvern
  6519 | D:5      | Slain by a wyvern

Action                   |  1- 3 |  4- 6 |  7- 9 || total
-------------------------+-------+-------+-------++-------
Melee: Dagger            |    87 |   200 |    34 ||   321
 Cast: Corona            |     4 |       |       ||     4
       Ensorcelled Hiber |    33 |   110 |    27 ||   170
       Confuse           |       |    15 |    10 ||    25
  Use: Potion            |     1 |       |       ||     1
       Scroll            |       |     5 |     3 ||     8
 Stab: Sleeping          |    26 |    73 |    17 ||   116
       Confused          |       |     8 |     5 ||    13
